 Dungeon Crawl Stone Soup version 0.24.0-28-g17ded55e90 (webtiles) character file.

Game seed: 3738594606913757472, levelgen mode: deterministic

100 Edwards80 the Stinger (level 4, -4/24 HPs)
             Began as a Deep Elf Venom Mage on Nov 11, 2019.
             Slain by a gnoll
             ... wielding a +0 halberd
              (7 damage)
             ... on level 2 of the Dungeon.
             The game lasted 00:08:06 (1528 turns).

Edwards80 the Stinger (Deep Elf Venom Mage)         Turns: 1528, Time: 00:08:07

Health: -4/24      AC:  3    Str:  5    XL:     4   Next: 46%
Magic:  7/12       EV: 13    Int: 21    God:
Gold:   82         SH:  0    Dex: 15    Spells: 9/12 levels left

rFire    . . .     SeeInvis .   a - +2 dagger
rCold    . . .     Gourm    .   (no shield)
rNeg     . . .     Faith    .   d - +0 robe
rPois    .         Spirit   .   (no helmet)
rElec    .         Reflect  .   (no cloak)
rCorr    .         Harm     .   l - +0 pair of gloves
MR       .....                  (no boots)
Stlth    ++........             (no amulet)
HPRegen  0.08/turn              (no ring)
MPRegen  0.13/turn              (no ring)

@: no status effects
A: no striking features
a: no special abilities


You were on level 2 of the Dungeon.
You were hungry.

You visited 1 branch of the dungeon, and saw 2 of its levels.

You collected 82 gold pieces.

Inventory:

Hand Weapons
 a - a +2 dagger (weapon)
Armour
 d - a +0 robe (worn)
 l - a +0 pair of gloves (worn)
Scrolls
 b - a scroll of enchant armour {unknown}
 g - a scroll of teleportation {unknown}
 i - 4 scrolls of identify
 j - a scroll of remove curse {unknown}
 m - a scroll of magic mapping {unknown}
Potions
 e - 2 potions of curing
 k - a potion of brilliance {unknown}
Comestibles
 c - 4 rations


   Skills:
 - Level 2.4 Dodging
 - Level 2.4 Stealth
 + Level 4.6 Spellcasting
 - Level 1.1 Conjurations
 + Level 5.0 Poison Magic


You had 9 spell levels left.
You knew the following spells:

 Your Spells              Type           Power        Failure   Level  Hunger
a - Sting                 Conj/Pois      ###.         3%          1    None
b - Poisonous Vapours     Pois/Air       ###...       6%          2    #......

Your spell library contained the following spells:

 Spells                   Type           Power        Failure   Level  Hunger
 Mephitic Cloud           Conj/Pois/Air  ##......     14%         3    ##.....
 Olgreb's Toxic Radiance  Pois           ####....     14%         4    ####...
 Venom Bolt               Conj/Pois      ###.......   65%         5    ######.


Dungeon Overview and Level Annotations

Branches:
Dungeon (2/15)

Altars:
Fedhas
Wu Jian


Message History

Confirm with . or Enter, or press ? or * to list all spells.
Aiming: Sting (safe; 3% risk of failure)
Press: ? - help, Shift-Dir - straight line, f/p - kobold
Aim: a kobold, wielding a +0 club (moderately wounded, poisoned)
The sting hits the kobold.
The kobold looks even sicker.
The kobold is severely wounded.
The kobold hits you with a +0 club. The gnoll closely misses you.
The gnoll barely misses you.
Casting: Sting (safe; 3% risk of failure)
Confirm with . or Enter, or press ? or * to list all spells.
Aiming: Sting (safe; 3% risk of failure)
Press: ? - help, Shift-Dir - straight line, f/p - kobold
Aim: a kobold, wielding a +0 club (severely wounded, poisoned)
The sting hits the kobold.
The kobold looks even sicker.
You kill the kobold!
The gnoll misses you. The gnoll hits you.
* * * LOW HITPOINT WARNING * * *
The gnoll completely misses you.
The gnoll hits you from afar with a +0 halberd!
You die...

...........Kg$....#.####
######.######.#....# #
#.# ##.###### # #.#
.##≈# # #.# ##.#≈## #
#.# #.#≈≈###### #g#
#.≈≈≈.gK(.. #)#
#..≈≈≈..... #@#
#..≈..≈#### #g#
#≈≈≈≈g..# ... #..≈≈..≈#
##.#. #.(≈≈≈.≈#
.....)†...≈≈..≈#
.........g≈≈..≈#
..#.###...≈≈≈..# #..#
.).≈≈≈≈..# ...≈(≈≈≈≈..


You could see 2 gnolls.

Vanquished Creatures
  3 adders (D:2)
  A gnoll (D:2)
  A worm (D:2)
  2 dart slugs (D:1)
  2 leopard geckos
  A ball python (D:2)
  4 bats
  2 giant cockroaches (D:1)
  5 goblins
  7 hobgoblins
  2 quokkas (D:2)
  4 frilled lizards
  12 kobolds
  6 rats
52 creatures vanquished.

Notes
Turn   | Place    | Note
-------+----------+-------------------------------------------
     0 | D:1      | Edwards80 the Deep Elf Venom Mage began the quest for the
                  | Orb.
     0 | D:1      | Reached XP level 1. HP: 10/10 MP: 6/6
    90 | D:1      | Reached XP level 2. HP: 15/15 MP: 1/8
   319 | D:1      | Reached skill level 4 in Poison Magic
   471 | D:1      | Reached XP level 3. HP: 19/19 MP: 7/10
   967 | D:2      | Learned a level 2 spell: Poisonous Vapours
   976 | D:2      | Found an ornate altar of the Wu Jian Council.
  1266 | D:2      | Reached XP level 4. HP: 19/24 MP: 0/12
  1393 | D:2      | Found a blossoming altar of Fedhas.
  1523 | D:2      | Reached skill level 5 in Poison Magic
  1528 | D:2      | Slain by a gnoll

Levels and vault maps discovered:
D:1:      lightli_arrival_maybe_door_vault, layout_basic,
          chequers_serial_rivers_large_a
D:2:      layout_loops_ring, fedhas_altar_1, old_standard_altar, serial_rivers,
          chequers_serial_rivers_small_3, chequers_serial_rivers_small_3,
          chequers_serial_rivers_micro_d, chequers_serial_rivers_small_b,
          chequers_serial_rivers_micro_a, chequers_serial_rivers_marsh,
          minmay_tetromino_o4, uniq_terence

Skill      XL: |  1  2  3  4 |
---------------+-------------+-----
Poison Magic   | 4 5 |  5.0
Spellcasting   | 4 |  4.6
Dodging        | |  2.4
Stealth        | |  2.4
Conjurations   | |  1.1

Action                   |  1- 3 |  4- 6 || total
-------------------------+-------+-------++-------
Melee: Dagger            |    15 |       ||    15
 Cast: Sting             |    66 |    27 ||    93
       Poisonous Vapours |     3 |       ||     3
  Use: Scroll            |     1 |     2 ||     3
  Eat: Chunk             |     1 |       ||     1
Armor: Robe              |     5 |     2 ||     7
Dodge: Dodged            |    17 |    23 ||    40
